 Dungeon Crawl Stone Soup version 0.32-a0-868-g153ae1a8d6 (webtiles) character file.

Game seed: 8154895324150901461

182 bmack86 the Chopper (level 5, -2/45 HPs)
             Began as a Minotaur Fighter on Mar 28, 2024.
             Blown up by Ijyb (20 damage)
             ... with a mindburst bolt
             ... on level 3 of the Dungeon.
             The game lasted 00:03:16 (1663 turns).

bmack86 the Chopper (Minotaur Fighter)              Turns: 1663, Time: 00:03:17

Health: -2/45      AC:  8    Str: 23    XL:     5   Next: 35%
Magic:  4/4        EV:  8    Int:  5    God:
Gold:   121        SH:  5    Dex: 15    Spells: 4/4 levels left

rFire   . . .        a - +0 war axe
rCold   . . .        c - +0 buckler
rNeg    . . .        b - +0 scale mail
rPois   .            (helmet restricted)
rElec   .            (no cloak)
rCorr   .            g - +0 pair of gloves
SInv    .            (no boots)
Will    .....        (no amulet) Stlth
                     f - +6 ring of dexterity
HPRegen 0.27/turn    (no ring)
MPRegen 0.09/turn

%: no passive effects
@: no status effects
A: horns 2, retaliatory headbutt
a: no special abilities


You were on level 3 of the Dungeon.
You visited 1 branch of the dungeon, and saw 3 of its levels.

You collected 121 gold pieces.

Inventory:

Hand Weapons
 a - a +0 war axe (weapon)
Armour
 b - a +0 scale mail (worn)
 c - a +0 buckler (worn)
 g - a +0 pair of gloves (worn)
Jewellery
 f - a +6 ring of dexterity (left hand)
Wands
 o - a wand of charming (7) (quivered)
Scrolls
 h - a scroll of immolation {unknown}
 i - 2 scrolls of identify {unknown}
 k - 2 scrolls of enchant weapon {unknown}
 m - a scroll of enchant armour {unknown}
Potions
 d - a potion of might
 e - a potion of lignification {unknown}
 j - a potion of mutation {unknown}
 l - a potion of cancellation {unknown}
 n - 2 potions of curing {unknown}
 p - a potion of heal wounds {unknown}


   Skills:
 - Level 3.6 Fighting
 + Level 5.9 Axes
 - Level 3.6 Armour
 - Level 5.0 Shields


You had 4 spell levels left.
You didn't know any spells.
Your spell library contained the following spells:

 Spells                   Type           Power      Damage    Failure   Level
 Mercury Vapours          Alch/Air       0%         N/A       94%         2
 Mephitic Cloud           Conj/Alch/Air  0%         N/A       99%         3
 Freezing Cloud           Conj/Ice/Air   0%         6-21      100%        5


Dungeon Overview and Level Annotations

Branches:
Dungeon (3/15)

Altars:
Nemelex Xobeh

Annotations:
D:3 Ijyb


Innate Abilities, Weirdness & Mutations

You have a pair of horns on your head.
You reflexively headbutt those who attack you in melee.


Message History

Sigmund flickers and vanishes!
Deactivating autopickup; reactivate with Ctrl-A.
You slash something!
Reactivating autopickup.
You feel a bit more experienced. The rat bites you but does no damage.
Training target 5.0 for Shields reached!
Your Axes skill gained 2 levels and is now at level 5!
Your Shields skill increases to level 5!
You have reached level 4!
You feel stronger.
You have reached level 5!
You hit the rat.
You kill the rat!
Things that are here:
a +0 scythe; a +0 robe; the human corpse of Sigmund You now have 121 gold pieces (gained 16).
You see here an adder corpse.
HP restored.
A goblin comes into view. It is wielding a +0 club.
The goblin shouts!
The goblin hits you with a +0 club.
You hit the goblin.
You kill the goblin!
Things that are here:
a +0 club; a goblin corpse
Found a sparkling altar of Nemelex Xobeh.
Ijyb the Inquisitive comes into view.
She is wielding a +6 club, wearing a +0 chain mail of cold resistance and carrying a wand of mindburst.
Found a sling.
Ijyb shouts!
Ijyb resists with significant effort.
Ijyb zaps a wand.
Your mind is blasted!
You hear a shout!
A goblin comes into view. It is wielding a +0 club.
The goblin shouts!
You hear a croak.
Ijyb zaps a wand.
Your mind is blasted!
A bullfrog comes into view.
Found a fuming coppery potion.
Ijyb screams, "Me wand stronger than you!"
Ijyb zaps a wand.
Your mind is blasted!
You die...
Ijyb moans, "Good help so hard to find!"

#.# .# #.# .# #.# .# #.#
.# #####.## .#. ##.#
#......### ....#####.#
#.#.##.##.
.###..?...#####.#.##.##.
.......@........#.##.##.
..#....gg.###.#....<.##.
..........# #.#......##.
........................
..........###...........
.....)..... ........##..
!.......F####.#########.
.........# #.# #. #.


You could see Ijyb, a bullfrog and a goblin.

Vanquished Creatures
  Sigmund (D:3)
  An adder (D:3)
  A dart slug (D:2)
  A ball python (D:2)
  An endoplasm (D:1)
  2 giant cockroaches
  5 hobgoblins
  3 jackals (D:1)
  3 bats
  2 frilled lizards
  4 goblins
  A kobold (D:1)
  A rat (D:3)
26 creatures vanquished.

Notes
Turn   | Place    | Note
-------+----------+-------------------------------------------
     0 | D:1      | bmack86 the Minotaur Fighter began the quest for the Orb.
     0 | D:1      | Reached XP level 1. HP: 19/19 MP: 0/0
   264 | D:1      | Reached XP level 2. HP: 22/26 MP: 1/1
  1491 | D:3      | Noticed Sigmund
  1527 | D:3      | Reached XP level 3. HP: 26/31 MP: 2/2
  1537 | D:3      | Killed Sigmund
  1538 | D:3      | Reached skill level 5 in Axes
  1538 | D:3      | Reached skill level 5 in Shields
  1538 | D:3      | Reached XP level 4. HP: 28/39 MP: 3/3
  1538 | D:3      | Reached XP level 5. HP: 33/45 MP: 4/4
  1620 | D:3      | Found a sparkling altar of Nemelex Xobeh.
  1658 | D:3      | Noticed Ijyb
  1663 | D:3      | Blown up by Ijyb

Illustrated notes

Levels and vault maps discovered:
D:1:      heliophobic_arrival_enchanted_forest, layout_loops_ring
D:2:      layout_basic
D:3:      layout_loops_ring, nicolae_overflow_hidden_temple,
          yredelemnul_forgotten_temple_becter, minmay_rat_hole, uniq_ijyb,
          uniq_terence, uniq_sigmund, uniq_jessica

Skill      XL: |  1  2  3 |
---------------+----------+-----
Shields        | 4 5 |  5.0
Axes           | 3 5 |  5.9
Fighting       | |  3.6
Armour         | |  3.6

Action                     |  1- 3 |  4- 6 || total
---------------------------+-------+-------++-------
  Melee: War axe           |    58 |     2 ||    60
         Headbutt          |     5 |       ||     5
  Evoke: Wand              |     1 |     1 ||     2
 Armour: Scale mail        |    40 |     1 ||    41
  Dodge: Dodged            |    28 |       ||    28
  Block: Buckler           |    18 |       ||    18

Table legend: (Time is in decaauts)
 A = Elapsed time spent in this place.
 B = Non-inter-level travel time spent in this place.
 C = Inter-level travel time spent in this place.
 D = Time resting spent in this place.
 E = Time spent auto-exploring this place.
 F = Levels seen in this place.
 G = Mean time per level.
                   A        B        C        D        E       F      G
               +--------+--------+--------+--------+--------+-----+--------+
         Total |   1684 |   1538 |    146 |      0 |   1259 |   3 |  561.3 |
       Dungeon |   1684 |   1538 |    146 |      0 |   1259 |   3 |  561.3 |
               +--------+--------+--------+--------+--------+-----+--------+

Top non-repeatable levels by time:
     D:2: 770 daAuts
     D:1: 736 daAuts
     D:3: 177 daAuts
